TOP OF THE 1ST |
Louisville Bats batting - Pitching for Birmingham Barons : RHP Pedro Valdés
|
Pitching: RHP Pedro Valdés
|
|
Batting: LHB Ramón Morales
|
0-0: Ball 1-0: Foul Ball, location: 2F 1-1: Foul Ball, location: 2F 1-2: Reached on error, E4 (Groundball, 4M)
|
Batting: RHB Dick Slagboom
|
0-0: Ball Ramón Morales is caught stealing 2nd base 1-0: Foul Ball, location: 2F 1-1: Ball 2-1: Foul Ball, location: 2F 2-2: Ball 3-2: Ground out 5-3 (Groundball, 56S)
|
Batting: RHB Eric Thompson
|
0-0: Ground out 4-3 (Groundball, 4)
|
Top of the 1st over - 0 run(s), 0 hit(s), 1 error(s), 0 left on base; Louisville 0 - Birmingham 0 |
BOTTOM OF THE 1ST |
Birmingham Barons batting - Pitching for Louisville Bats : LHP Juan Espinosa
|
Pitching: LHP Juan Espinosa
|
|
Batting: LHB Alberto Santos
|
0-0: Ground out 4-3 (Groundball, 4M)
|
Batting: LHB John Haney
|
0-0: Ball 1-0: Fly out, F3 (Line Drive, 3)
|
Batting: RHB Juan Jiménez
|
0-0: Swinging Strike 0-1: Called Strike 0-2: Ball 1-2: Foul Ball, location: 2F 1-2: Foul Ball, location: 2F 1-2: Ball 2-2: Ground out 6-3 (Groundball, 6)
|
Bottom of the 1st over - 0 run(s), 0 hit(s), 0 error(s), 0 left on base; Louisville 0 - Birmingham 0 |
TOP OF THE 2ND |
Louisville Bats batting - Pitching for Birmingham Barons : RHP Pedro Valdés
|
Batting: RHB Jesús Cabrera
|
0-0: SINGLE (Line Drive, 6MD)
|
Batting: LHB Alex Henderson
|
0-0: Ball Jesús Cabrera is caught stealing 2nd base 1-0: Foul Ball, location: 2F 1-1: Fly out, F9 (Flyball, 9)
|
Batting: RHB John Denton
|
0-0: Foul Ball, location: 2F 0-1: Foul Ball, location: 2F 0-2: Ball 1-2: Fly out, F9 (Flyball, 9LM)
|
Top of the 2nd over - 0 run(s), 1 hit(s), 0 error(s), 0 left on base; Louisville 0 - Birmingham 0 |
BOTTOM OF THE 2ND |
Birmingham Barons batting - Pitching for Louisville Bats : LHP Juan Espinosa
|
Batting: LHB José Rivera
|
0-0: Ball 1-0: Ball 2-0: Ball 3-0: Called Strike 3-1: Fly out, F5 (Popup, 5L)
|
Batting: RHB Bryant von Bohlen
|
0-0: Ball 1-0: Reached on error, E5 (Groundball, 56S)
|
Batting: RHB Warren Martin
|
0-0: Foul Ball, location: 2F 0-1: Ball Wild Pitch! Bryant von Bohlen to second 1-1: Called Strike 1-2: SINGLE (Line Drive, 8LM) Bryant von Bohlen to third
|
Batting: SHB Orlando Aguilar
|
0-0: Called Strike Warren Martin steals 2nd base 0-1: Swinging Strike 0-2: Ball 1-2: Ball 2-2: Ground out 6-3 (Groundball, 6) Bryant von Bohlen scores
|
Batting: RHB Jean-Paul St-Pierre
|
0-0: Ball 1-0: Ball 2-0: Called Strike 2-1: Ground out 6-3 (Groundball, 6)
|
Bottom of the 2nd over - 1 run(s), 1 hit(s), 1 error(s), 1 left on base; Louisville 0 - Birmingham 1 |
TOP OF THE 3RD |
Louisville Bats batting - Pitching for Birmingham Barons : RHP Pedro Valdés
|
Batting: RHB Danny Campbell
|
0-0: SOLO HOME RUN (Flyball, 7D), Distance : 360 ft
|
Batting: RHB Kirk Powell
|
0-0: Swinging Strike 0-1: Ball 1-1: Foul Ball, location: 2F 1-2: Strikes out swinging
|
Batting: RHB Shawn Marshall
|
0-0: Called Strike 0-1: Foul Ball, location: 2F 0-2: Ball 1-2: Strikes out swinging
|
Batting: LHB Ramón Morales
|
0-0: Ball 1-0: Swinging Strike 1-1: Called Strike 1-2: SINGLE (Line Drive, 34D)
|
Batting: RHB Dick Slagboom
|
0-0: Called Strike Ramón Morales steals 2nd base 0-1: Foul Ball, location: 2F 0-2: Strikes out swinging
|
Top of the 3rd over - 1 run(s), 2 hit(s), 0 error(s), 1 left on base; Louisville 1 - Birmingham 1 |
BOTTOM OF THE 3RD |
Birmingham Barons batting - Pitching for Louisville Bats : LHP Juan Espinosa
|
Batting: RHB Carlos Vásquez
|
0-0: Ball 1-0: Ground out 4-3 (Groundball, 4M)
|
Batting: LHB Alberto Santos
|
0-0: Swinging Strike 0-1: Ball 1-1: Ground out 4-3 (Groundball, 4)
|
Batting: LHB John Haney
|
0-0: Called Strike 0-1: Ball 1-1: Called Strike 1-2: SOLO HOME RUN (Flyball, 8LXD), Distance : 413 ft
|
Batting: RHB Juan Jiménez
|
0-0: Foul Ball, location: 2F 0-1: Fly out, F7 (Line Drive, 7S)
|
Bottom of the 3rd over - 1 run(s), 1 hit(s), 0 error(s), 0 left on base; Louisville 1 - Birmingham 2 |
TOP OF THE 4TH |
Louisville Bats batting - Pitching for Birmingham Barons : RHP Pedro Valdés
|
Batting: RHB Eric Thompson
|
0-0: Ball 1-0: Foul Ball, location: 2F 1-1: Foul Ball, location: 2F 1-2: Ball 2-2: Strikes out swinging
|
Batting: RHB Jesús Cabrera
|
0-0: Ball 1-0: SINGLE (Groundball, 34D)
|
Batting: LHB Alex Henderson
|
0-0: Ball 1-0: Called Strike 1-1: Ball 2-1: 2-RUN HOME RUN (Flyball, 89XD), Distance : 398 ft
|
Batting: RHB John Denton
|
0-0: Called Strike 0-1: Called Strike 0-2: Strikes out swinging
|
Batting: RHB Danny Campbell
|
0-0: Ball 1-0: Foul Ball, location: 2F 1-1: Called Strike 1-2: Ground out 4-3 (Groundball, 4)
|
Top of the 4th over - 2 run(s), 2 hit(s), 0 error(s), 0 left on base; Louisville 3 - Birmingham 2 |
BOTTOM OF THE 4TH |
Birmingham Barons batting - Pitching for Louisville Bats : LHP Juan Espinosa
|
Batting: LHB José Rivera
|
0-0: Called Strike 0-1: Ball 1-1: Ball 2-1: Called Strike 2-2: Foul Ball, location: 2F 2-2: Fly out, F8 (Line Drive, 8RD)
|
Batting: RHB Bryant von Bohlen
|
0-0: Called Strike 0-1: Foul Ball, location: 2F 0-2: Strikes out swinging
|
Batting: RHB Warren Martin
|
0-0: Foul Ball, location: 2F 0-1: Foul Ball, location: 2F 0-2: Ball 1-2: Ball 2-2: Foul Ball, location: 2F 2-2: Ground out 6-3 (Groundball, 6)
|
Bottom of the 4th over - 0 run(s), 0 hit(s), 0 error(s), 0 left on base; Louisville 3 - Birmingham 2 |
TOP OF THE 5TH |
Louisville Bats batting - Pitching for Birmingham Barons : RHP Pedro Valdés
|
Batting: RHB Kirk Powell
|
0-0: Ball 1-0: Called Strike 1-1: Ball 2-1: Called Strike 2-2: Ground out 6-3 (Groundball, 6)
|
Batting: RHB Shawn Marshall
|
0-0: Ball 1-0: Called Strike 1-1: SINGLE (Flyball, 8RS)
|
Batting: LHB Ramón Morales
|
0-0: Ball 1-0: Foul Ball, location: 2F 1-1: Foul Ball, location: 2F 1-2: Ball 2-2: Fly out, F7 (Flyball, 7LS)
|
Batting: RHB Dick Slagboom
|
0-0: Ball 1-0: Called Strike 1-1: Ball 2-1: Ball 3-1: Called Strike 3-2: Fly out, F5 (Popup, 5L)
|
Top of the 5th over - 0 run(s), 1 hit(s), 0 error(s), 1 left on base; Louisville 3 - Birmingham 2 |
BOTTOM OF THE 5TH |
Birmingham Barons batting - Pitching for Louisville Bats : LHP Juan Espinosa
|
Batting: SHB Orlando Aguilar
|
0-0: Ball 1-0: Ground out 5-3 (Groundball, 56)
|
Batting: RHB Jean-Paul St-Pierre
|
0-0: Ball 1-0: SINGLE (Line Drive, 8RS)
|
Batting: RHB Carlos Vásquez
|
0-0: Ball 1-0: Called Strike 1-1: Foul Ball, location: 2F 1-2: Ball 2-2: Fly out, F7 (Line Drive, 7)
|
Batting: LHB Alberto Santos
|
0-0: Called Strike 0-1: Ball 1-1: Ground out U3 (Groundball, 3S)
|
Bottom of the 5th over - 0 run(s), 1 hit(s), 0 error(s), 1 left on base; Louisville 3 - Birmingham 2 |
TOP OF THE 6TH |
Louisville Bats batting - Pitching for Birmingham Barons : RHP Pedro Valdés
|
Batting: RHB Eric Thompson
|
0-0: Swinging Strike 0-1: Foul Ball, location: 2F 0-2: Ball 1-2: SINGLE (Groundball, 4D)
|
Batting: RHB Jesús Cabrera
|
0-0: Called Strike 0-1: Ball Eric Thompson is caught stealing 2nd base 1-1: Ball 2-1: Foul Ball, location: 2F 2-2: Ball 3-2: Base on Balls
|
Batting: LHB Alex Henderson
|
0-0: Called Strike 0-1: Called Strike 0-2: Fly out, F4 (Popup, 4D)
|
Batting: RHB John Denton
|
0-0: Ball 1-0: Called Strike 1-1: Foul Ball, location: 2F 1-2: Foul Ball, location: 2F 1-2: Ball 2-2: Ball Jesús Cabrera steals 2nd base 3-2: Strikes out looking
|
Top of the 6th over - 0 run(s), 1 hit(s), 0 error(s), 1 left on base; Louisville 3 - Birmingham 2 |
BOTTOM OF THE 6TH |
Birmingham Barons batting - Pitching for Louisville Bats : LHP Juan Espinosa
|
Batting: LHB John Haney
|
0-0: Foul Ball, location: 2F 0-1: TRIPLE (Line Drive, 6D)
|
Batting: RHB Juan Jiménez
|
0-0: Called Strike 0-1: Swinging Strike 0-2: Ball 1-2: Foul Ball, location: 2F 1-2: Ball 2-2: Strikes out swinging
|
Batting: LHB José Rivera
|
0-0: Ball 1-0: Ball 2-0: Fly out, F4 (Line Drive, 4)
|
Batting: RHB Bryant von Bohlen
|
0-0: Called Strike 0-1: DOUBLE (Flyball, 78D) John Haney scores
|
Batting: RHB Warren Martin
|
0-0: Ball 1-0: Called Strike 1-1: Ball 2-1: Ball 3-1: Swinging Strike 3-2: Strikes out looking
|
Bottom of the 6th over - 1 run(s), 2 hit(s), 0 error(s), 1 left on base; Louisville 3 - Birmingham 3 |
TOP OF THE 7TH |
Louisville Bats batting - Pitching for Birmingham Barons : RHP Pedro Valdés
|
Batting: RHB Danny Campbell
|
0-0: Ball 1-0: Fly out, F8 (Flyball, 8RM)
|
Batting: RHB Kirk Powell
|
0-0: Ball 1-0: Ball 2-0: Ball 3-0: Base on Balls
|
Batting: RHB Shawn Marshall
|
0-0: Called Strike 0-1: Ball 1-1: Swinging Strike 1-2: Foul Ball, location: 2F 1-2: Ball 2-2: Ball 3-2: Foul Ball, location: 2F 3-2: SINGLE (Groundball, 4D) Kirk Powell to second Runner from 2nd tries for 3rd, SAFE, no throw
|
Pitching: LHP Richard Simpson
|
|
Pinch Hitting: RHB William Farmer
|
0-0: Called Strike Shawn Marshall steals 2nd base 0-1: Ball 1-1: Foul Ball, location: 2F 1-2: 3-RUN HOME RUN (Flyball, 7D), Distance : 354 ft
|
Batting: RHB Dick Slagboom
|
0-0: Called Strike 0-1: Foul Ball, location: 2F 0-2: Ground out 4-3 (Groundball, 4)
|
Batting: RHB Eric Thompson
|
0-0: Foul Ball, location: 2F 0-1: Foul Ball, location: 2F 0-2: Strikes out swinging
|
Top of the 7th over - 3 run(s), 2 hit(s), 0 error(s), 0 left on base; Louisville 6 - Birmingham 3 |
BOTTOM OF THE 7TH |
Birmingham Barons batting - Pitching for Louisville Bats : LHP Juan Espinosa
|
Now in LF: William Farmer
|
|
Batting: SHB Orlando Aguilar
|
0-0: Ball 1-0: Foul Ball, location: 2F 1-1: Ball 2-1: Ball 3-1: Foul Ball, location: 2F 3-2: Foul Ball, location: 2F 3-2: Strikes out swinging
|
Batting: RHB Jean-Paul St-Pierre
|
0-0: Hit by Pitch
|
Batting: RHB Carlos Vásquez
|
0-0: Ball 1-0: Called Strike 1-1: Ball 2-1: SINGLE (Flyball, 8RS) Jean-Paul St-Pierre to second
|
Batting: LHB Alberto Santos
|
0-0: Ball 1-0: Called Strike 1-1: Ball 2-1: Ball 3-1: Foul Ball, location: 2F 3-2: Fielders Choice at 2nd, 4-6 (Groundball, 4) Jean-Paul St-Pierre to third
|
Pitching: LHP Carlos Menéndez
|
|
Batting: LHB John Haney
|
0-0: SINGLE (Flyball, 78S) Jean-Paul St-Pierre scores Alberto Santos to second
|
Batting: RHB Juan Jiménez
|
0-0: Ball 1-0: Called Strike 1-1: Foul Ball, location: 2F 1-2: Foul Ball, location: 2F 1-2: Ball 2-2: DOUBLE (Line Drive, 78D) Alberto Santos scores John Haney to third
|
Batting: LHB José Rivera
|
0-0: Foul Ball, location: 2F 0-1: Ball 1-1: Swinging Strike 1-2: Ball 2-2: Strikes out swinging
|
Bottom of the 7th over - 2 run(s), 3 hit(s), 0 error(s), 2 left on base; Louisville 6 - Birmingham 5 |
TOP OF THE 8TH |
Louisville Bats batting - Pitching for Birmingham Barons : LHP Richard Simpson
|
Batting: RHB Jesús Cabrera
|
0-0: Called Strike 0-1: Ground out 5-3 (Groundball, 56S)
|
Batting: LHB Alex Henderson
|
0-0: Hit by Pitch
|
Batting: RHB John Denton
|
0-0: Ball 1-0: Ball 2-0: Called Strike 2-1: Ball 3-1: Called Strike 3-2: Strikes out swinging
|
Batting: RHB Danny Campbell
|
0-0: Ball 1-0: Ball 2-0: Swinging Strike 2-1: Foul Ball, location: 2F 2-2: 2-RUN HOME RUN (Flyball, 89XD), Distance : 388 ft
|
Batting: RHB Kirk Powell
|
0-0: Called Strike 0-1: Ball 1-1: Ball 2-1: Ball 3-1: Foul Ball, location: 2F 3-2: Fly out, F8 (Flyball, 8LD)
|
Top of the 8th over - 2 run(s), 1 hit(s), 0 error(s), 0 left on base; Louisville 8 - Birmingham 5 |
BOTTOM OF THE 8TH |
Birmingham Barons batting - Pitching for Louisville Bats : LHP Carlos Menéndez
|
Batting: RHB Bryant von Bohlen
|
0-0: SOLO HOME RUN (Line Drive, 7D), Distance : 343 ft
|
Batting: RHB Warren Martin
|
0-0: Ground out 1-3 (Groundball, P)
|
Batting: SHB Orlando Aguilar
|
0-0: Fly out, F3 (Line Drive, 3L)
|
Batting: RHB Jean-Paul St-Pierre
|
0-0: Ground out 3-1 (Groundball, 3S)
|
Bottom of the 8th over - 1 run(s), 1 hit(s), 0 error(s), 0 left on base; Louisville 8 - Birmingham 6 |
TOP OF THE 9TH |
Louisville Bats batting - Pitching for Birmingham Barons : LHP Richard Simpson
|
Batting: RHB Shawn Marshall
|
0-0: Foul Ball, location: 2F 0-1: Swinging Strike 0-2: Ball 1-2: Strikes out swinging
|
Batting: RHB William Farmer
|
0-0: Ground out 6-3 (Groundball, 6MS)
|
Batting: RHB Dick Slagboom
|
0-0: Called Strike 0-1: Ball 1-1: Ball 2-1: Ball 3-1: Foul Ball, location: 2F 3-2: Base on Balls
|
Batting: RHB Eric Thompson
|
0-0: Ball 1-0: Swinging Strike 1-1: Foul Ball, location: 2F 1-2: Foul Ball, location: 2F 1-2: Ball 2-2: Fly out, F8 (Flyball, 8RM)
|
Top of the 9th over - 0 run(s), 0 hit(s), 0 error(s), 1 left on base; Louisville 8 - Birmingham 6 |
BOTTOM OF THE 9TH |
Birmingham Barons batting - Pitching for Louisville Bats : LHP Carlos Menéndez
|
Pitching: LHP Denny Welch
|
|
Batting: RHB Carlos Vásquez
|
0-0: Foul Ball, location: 2F 0-1: Foul Ball, location: 2F 0-2: Strikes out swinging
|
Batting: LHB Alberto Santos
|
0-0: Ball 1-0: Ball 2-0: SINGLE (Groundball, 56D)
|
Pinch Hitting: RHB Dave Dawson
|
0-0: Ball 1-0: Foul Ball, location: 2F 1-1: Ball 2-1: Swinging Strike 2-2: Ball 3-2: Ground out U3 (Groundball, 34) Alberto Santos to second
|
Batting: RHB Juan Jiménez
|
0-0: Foul Ball, location: 2F 0-1: Ball 1-1: SINGLE (Groundball, 56D) Alberto Santos to third Runner from 3rd tries for Home, SAFE, no throw
|
Batting: LHB José Rivera
|
0-0: Ball 1-0: Ball 2-0: Ball 3-0: DOUBLE (Line Drive, 9LM) Juan Jiménez to third Runner from 3rd tries for Home, SAFE, throw made home
|
Pitching: RHP John Thompson
|
|
Pinch Hitting: LHB Curt Walker
|
0-0: Fly out, F9 (Flyball, 89D)
|
Bottom of the 9th over - 2 run(s), 3 hit(s), 0 error(s), 1 left on base; Louisville 8 - Birmingham 8 |
TOP OF THE 10TH |
Louisville Bats batting - Pitching for Birmingham Barons : LHP Richard Simpson
|
Now at C: Vicente Carona
|
|
Now in LF: Pete Smith
|
|
Batting: RHB Jesús Cabrera
|
0-0: SINGLE (Line Drive, 56)
|
Batting: LHB Alex Henderson
|
0-0: Ball Jesús Cabrera is caught stealing 2nd base 1-0: Foul Ball, location: 2F 1-1: Ball 2-1: Ground out 4-3 (Groundball, 4)
|
Batting: RHB John Denton
|
0-0: Called Strike 0-1: Swinging Strike 0-2: Ball 1-2: Foul Ball, location: 2F 1-2: Ball 2-2: Ball 3-2: Foul Ball, location: 2F 3-2: Ground out 1-3 (Groundball, P)
|
Top of the 10th over - 0 run(s), 1 hit(s), 0 error(s), 0 left on base; Louisville 8 - Birmingham 8 |
BOTTOM OF THE 10TH |
Birmingham Barons batting - Pitching for Louisville Bats : RHP John Thompson
|
Batting: RHB Warren Martin
|
0-0: SINGLE (Line Drive, 6MD)
|
Batting: SHB Orlando Aguilar
|
0-0: Swinging Strike 0-1: SINGLE (Groundball, 34S) (infield hit) Warren Martin to second
|
Batting: RHB Jean-Paul St-Pierre
|
0-0: Ball 1-0: Fly out, F9 (Flyball, 9)
|
Batting: RHB Carlos Vásquez
|
0-0: Ball 1-0: Called Strike 1-1: Ball 2-1: Called Strike 2-2: Ball 3-2: Strikes out swinging
|
Batting: LHB Alberto Santos
|
0-0: Called Strike 0-1: Foul Ball, location: 2F 0-2: SINGLE (Groundball, 4D) Warren Martin to third Orlando Aguilar to second Runner from 3rd tries for Home, throw and OUT!
|
Bottom of the 10th over - 0 run(s), 3 hit(s), 0 error(s), 2 left on base; Louisville 8 - Birmingham 8 |
TOP OF THE 11TH |
Louisville Bats batting - Pitching for Birmingham Barons : LHP Richard Simpson
|
Pitching: RHP Ken Lyons
|
|
Batting: RHB Danny Campbell
|
0-0: Ball 1-0: Swinging Strike 1-1: Ball 2-1: Ball 3-1: Foul Ball, location: 2F 3-2: Base on Balls
|
Batting: RHB Kirk Powell
|
0-0: Ball 1-0: Bunted foul 1-1: Bunted foul 1-2: SINGLE (Groundball, 56D) Danny Campbell to second
|
Batting: RHB Shawn Marshall
|
0-0: Ball 1-0: Ball 2-0: Foul Ball, location: 2F 2-1: Foul Ball, location: 2F 2-2: Strikes out looking
|
Pinch Hitting: LHB Mike Callahan
|
0-0: Ball 1-0: Called Strike 1-1: Swinging Strike 1-2: Foul Ball, location: 2F 1-2: Foul Ball, location: 2F 1-2: Foul Ball, location: 2F 1-2: Foul Ball, location: 2F 1-2: SINGLE (Groundball, 56D) Danny Campbell to third Kirk Powell to second
|
Batting: RHB Dick Slagboom
|
0-0: Called Strike 0-1: Ball 1-1: Foul Ball, location: 2F 1-2: Ball 2-2: Ball 3-2: SINGLE (Groundball, 56D) Danny Campbell scores Kirk Powell to third Mike Callahan to second Runner from 3rd tries for Home, SAFE, throw made at trailing runner, SAFE at third!
|
Batting: RHB Eric Thompson
|
0-0: Ball Dick Slagboom is caught stealing 2nd base 1-0: SINGLE (Groundball, 4D) Mike Callahan scores
|
Batting: RHB Jesús Cabrera
|
0-0: Fielders Choice at 2nd, 6-4 (Groundball, 6)
|
Top of the 11th over - 3 run(s), 4 hit(s), 0 error(s), 0 left on base; Louisville 11 - Birmingham 8 |
BOTTOM OF THE 11TH |
Birmingham Barons batting - Pitching for Louisville Bats : RHP John Thompson
|
Pitching: RHP Manuel González
|
|
Now in LF: Bruce Brooks
|
|
Batting: RHB Vicente Carona
|
0-0: Fly out, F8 (Flyball, 8LM)
|
Batting: RHB Juan Jiménez
|
0-0: Called Strike 0-1: Called Strike 0-2: Ball 1-2: Strikes out swinging
|
Batting: LHB José Rivera
|
0-0: Ball 1-0: Foul Ball, location: 2F 1-1: Ball 2-1: Ball 3-1: Ground out 3-1 (Groundball, 34)
|
Bottom of the 11th over - 0 run(s), 0 hit(s), 0 error(s), 0 left on base; Louisville 11 - Birmingham 8 |
|